 Seeded DCSS version 0.28.0 (webtiles) character file.

Game seed: 13591998346360536447 (custom seed)

1367 hikkokomori the Skirmisher (level 8, -1/67 HPs)
             Began as a Formicid Hunter on Feb 19, 2022.
             Was an Initiate of Okawaru.
             Killed by divine providence
             ... invoked by an orc priest
              (14 damage)
             ... on level 5 of the Dungeon.
             The game lasted 00:26:19 (4900 turns).

hikkokomori the Skirmisher (Formicid Hunter)        Turns: 4900, Time: 00:26:20

Health: -1/67      AC: 11    Str: 15    XL:     8   Next: 97%
Magic:  15/17      EV:  9    Int: 14    God:    Okawaru [......]
Gold:   987        SH:  0    Dex: 14    Spells: 3/7 levels left

rFire   . . .      SeeInvis +   t - +1 whip of Eternal Harmony {flame, rElec Int+2}
rCold   + + .      Faith    .   (no shield)
rNeg    . . .      Spirit   .   z - +0 ice dragon scales
rPois   +          Reflect  .   (helmet unavailable)
rElec   +          Harm     .   (no cloak)
rCorr   .          Rampage  .   (no gloves)
Will    +....                   y - +1 pair of boots
Stlth   +.........              h - amulet "Zoseqitan" {Will+ Regen+}
HPRegen 1.01/turn               e - ring "Evescho" {rPois MP+9 Str-3 Dex+3}
MPRegen 0.15/turn               k - ring of protection from fire

@: wereblooded, studying 2 skills
A: permanent stasis, dig shafts and tunnels, antennae 3, four strong arms
a: Dig, Shaft Self, Renounce Religion


You were on level 5 of the Dungeon.
You worshipped Okawaru.
Okawaru was noncommittal.
You visited 1 branch of the dungeon, and saw 6 of its levels.

You collected 987 gold pieces.

Inventory:

Hand Weapons
 a - a +1 shortbow
 b - a +0 short sword
 s - a +0 mace
 t - the +1 whip of Eternal Harmony (weapon) {flame, rElec Int+2}
   (You found it on level 3 of the Dungeon)

   It burns those it strikes, dealing additional fire damage.
   Int:       It affects your intelligence (+2).
   rElec:     It insulates you from electricity.
Missiles
 d - 33 arrows
Armour
 c - a +0 leather armour
 g - a scarf of harm
 y - a +1 pair of boots (worn)
 z - +0 ice dragon scales (worn)
 B - a +4 plate armour
Jewellery
 e - the ring "Evescho" (left hand) {rPois MP+9 Str-3 Dex+3}
   (You acquired it on level 2 of the Dungeon)

   [ring of magical power]

   Str:       It affects your strength (-3).
   Dex:       It affects your dexterity (+3).
   rPois:     It protects you from poison.
   MP:        It affects your magic capacity (+9).
 h - the amulet "Zoseqitan" (around neck) {Will+ Regen+}
   (You acquired it on level 2 of the Dungeon)

   [amulet of regeneration]

   Regen:     It increases your rate of health regeneration.
   Will:      It increases your willpower.
 i - a ring of resist corrosion
 k - a ring of protection from fire (right hand)
 p - a ring of protection from fire
Wands
 m - a wand of flame (35)
 x - a wand of charming (12)
 D - a wand of mindburst (14)
Scrolls
 l - a scroll of vulnerability {unknown}
 n - a scroll of torment {unknown}
 q - a scroll of summoning
 u - a scroll of amnesia {unknown}
 w - 2 scrolls of magic mapping
Potions
 f - 3 potions of haste
 v - a potion of mutation
 C - a potion of ambrosia


   Skills:
 + Level 7.1 Fighting
 - Level 4.4 Bows
 - Level 1.7 Dodging
 - Level 4.7 Stealth
 - Level 1.0 Conjurations
 + Level 5.2 Transmutations
 + Level 3.9 Evocations


You had 3 spell levels left.
You knew the following spells:

 Your Spells              Type           Power      Damage    Failure   Level
a - Static Discharge      Conj/Air       1%         N/A       89%         2
b - Wereblood             Tmut           14%        N/A       28%         2

Your spell library contained the following spells:

 Spells                   Type           Power      Damage    Failure   Level
 Sublimation of Blood     Necr           0%         N/A       94%         2
 Ozocubu's Armour         Ice            0%         N/A       99%         3
 Dispel Undead            Necr           0%         3d6       100%        4
 Sticky Flame             Conj/Fire      1%         2d3       100%        4
 Ozocubu's Refrigeration  Ice            0%         4d5       100%        7
 Summon Hydra             Summ           Unusable   N/A       N/A         7

Dungeon Overview and Level Annotations

Branches:
Dungeon (6/15)
 Temple: D:4-7

Altars:
Gozag
Hepliaklqana
Okawaru
Qazlal
Sif Muna
The Shining One

Annotations:
D:3 2 transporters, Edmund; SweetAndFullOfGrace's ghost, amateur MiBe
D:5 Menkaure


Innate Abilities, Weirdness & Mutations

You cannot be hasted, slowed, berserked, paralysed or teleported.
You can dig through walls and to a lower floor.
You have a pair of large antennae on your head. (SInv)
Your four strong arms can wield two-handed weapons with a shield.


Message History

The centaur hits you but does no damage.
The centaur barely misses you.
You closely miss the centaur.
The centaur is heavily wounded.
The centaur hits you but does no damage.
The centaur kicks you but does no damage.
Menkaure casts a spell.
Menkaure seems to speed up.
The centaur hits you. The centaur barely misses you.
Casting: Wereblood (dangerous; 28% risk of failure)
Confirm with . or Enter, or press ? or * to list all spells.
Okay, then.
Casting: Wereblood (dangerous; 28% risk of failure)
Confirm with . or Enter, or press ? or * to list all spells.
Your blood is infused with primal strength.
The centaur hits you.
The centaur kicks you but does no damage.
You barely miss the centaur.
The centaur is moderately wounded.
The centaur hits you but does no damage.
The centaur kicks you but does no damage.
Menkaure giggles, "These cerements are ticklish..."
The centaur hits you but does no damage.
The centaur kicks you but does no damage.
You barely miss the centaur.
The centaur is moderately wounded.
The centaur hits you but does no damage.
The centaur kicks you but does no damage.
Menkaure calls on the powers of darkness!
The orc priest convulses!
The centaur convulses!
Your body is wracked with pain!
* * * LOW HITPOINT WARNING * * *
You hit the centaur but do no damage.
The centaur is severely wounded.
The centaur hits you.
* * * LOW HITPOINT WARNING * * *
The centaur kicks you but does no damage.
The orc priest calls down the wrath of Beogh upon you.
Beogh smites you!
You die...

### #.# ####### #.###.##...
#.# #.....##.## #.#
#.###.##.# #.# #.# #....# #.#
#.# ###### #.#######.#.###.#
## #.#.@coM..#.....####.
#########.#.###########...##.
#............#.......####....
#.#######.#..#.#.............
#.#.. ..#.#..#.#.###.####...#
#.#.###.#.#..#.#.# #.........
#.#.#.#.#.#..#.#.# #.########
#.#.#.#.#.#..#.#.###...[.....
#.......#.####.#......##.#...


You could see Menkaure (fast), a centaur and an orc priest.

Vanquished Creatures
  Sigmund (D:5)
  A steam dragon (D:6)
  An ice beast (D:5)
  3 ogres (D:5)
  A sky beast (D:5)
  A gnoll sergeant (D:5)
  A howler monkey (D:5)
  A bullfrog zombie (D:5)
  A hound (D:4)
  2 bullfrog skeletons
  A jelly (D:5)
  3 iguanas (D:5)
  Natasha (thrice) (D:2 D:1)
  An orc wizard (D:5)
  3 hound skeletons
  3 adders
  3 gnolls
  A white imp (D:5)
  2 adder skeletons (D:4)
  3 worms
  5 dart slugs
  2 orcs
  3 bats
  8 endoplasms
  A giant cockroach (D:4)
  10 hobgoblins
  5 jackals
  8 kobolds
  3 quokkas
  5 ball pythons
  4 goblins
  9 rats
  A spectral hobgoblin (D:4)
100 creatures vanquished.

Vanquished Creatures (collateral kills)
  An ufetubus (D:5)
1 creature vanquished.

Vanquished Creatures (others)
  A water moccasin zombie (D:5)
  Ijyb (D:5)
  A plant (D:1)
3 creatures vanquished.

Grand Total: 104 creatures vanquished

Notes
Turn   | Place    | Note
-------+----------+-------------------------------------------
     0 | D:1      | hikkokomori the Formicid Hunter began the quest for the
                  | Orb.
     0 | D:1      | Reached XP level 1. HP: 16/16 MP: 1/1
   130 | D:1      | Reached XP level 2. HP: 22/23 MP: 2/2
   285 | D:1      | Reached XP level 3. HP: 25/28 MP: 3/3
  1019 | D:2      | Reached skill level 3 in Fighting
  1099 | D:2      | Noticed Natasha
  1113 | D:2      | Killed Natasha
  1114 | D:2      | Reached XP level 4. HP: 8/35 MP: 4/4
  1395 | D:2      | Found a faded altar of an unknown god.
  1591 | D:2      | Identified 2 scrolls of acquirement
  1592 | D:2      | Acquired the ring "Evescho" {rPois MP+9 Str-3 Dex+3}
  1593 | D:2      | Noticed Natasha
  1601 | D:2      | Acquired the amulet "Zoseqitan" {Will+ Regen+}
  1614 | D:2      | Learned a level 2 spell: Static Discharge
  1624 | D:2      | Killed Natasha
  1625 | D:2      | Reached XP level 5. HP: 17/41 MP: 5/5
  1857 | D:2      | Noticed Natasha
  1873 | D:1      | Killed Natasha
  2016 | D:3      | Found a transporter.
  2021 | D:3      | Noticed SweetAndFullOfGrace's ghost (amateur MiBe)
  2065 | D:3      | Found a transporter.
  2192 | D:3      | Found a glowing golden altar of the Shining One.
  2523 | D:3      | Identified the +1 whip of Eternal Harmony {flame, rElec
                  | Int+2}
  2648 | D:4      | Reached skill level 4 in Fighting
  2659 | D:4      | Reached XP level 6. HP: 45/48 MP: 6/6
  2797 | D:4      | Found a hazy altar of Hepliaklqana.
  3164 | D:5      | Entered Level 5 of the Dungeon
  3226 | D:4      | Reached skill level 1 in Conjurations
  3231 | D:4      | Learned a level 2 spell: Wereblood
  3295 | D:4      | Acquired 732 gold pieces
  3326 | D:5      | Reached XP level 7. HP: 54/55 MP: 7/7
  3349 | D:5      | Noticed Ijyb
  3353 | D:5      | Noticed Edmund
  3503 | D:5      | Reached skill level 5 in Fighting
  3536 | D:5      | Found a shimmering blue altar of Sif Muna.
  3594 | D:5      | Your ally Ijyb died
  3739 | D:6      | Noticed a steam dragon
  3763 | D:6      | Killed a steam dragon
  3764 | D:6      | Reached skill level 6 in Fighting
  3764 | D:6      | Reached skill level 1 in Evocations
  3764 | D:6      | Reached XP level 8. HP: 31/64 MP: 8/8
  3915 | D:5      | Noticed Sigmund
  3941 | D:5      | Killed Sigmund
  4037 | D:5      | Reached skill level 5 in Transmutations
  4070 | D:5      | Reached skill level 7 in Fighting
  4105 | D:5      | Found an opulent altar of Gozag.
  4114 | D:5      | Found a stormy altar of Qazlal.
  4318 | D:5      | Found an iron altar of Okawaru.
  4325 | D:5      | Became a worshipper of Warmaster Okawaru
  4655 | D:3      | You fall into a shaft and drop 1 floor!
  4891 | D:5      | Noticed Menkaure
  4900 | D:5      | Killed from afar by an orc priest

Illustrated notes

Levels and vault maps discovered:
D:1:      wander_arrival_fairy_ring, layout_basic, chequers_serial_rivers_room_a
D:2:      layout_loops_ring, shapermc_ecumenical_altar_venn, uniq_natasha
D:3:      layout_loops_ring, mainiacjoe_overflow_chevrons,
          gammafunk_ghost_arena, hangedman_glass_teeth
D:4:      layout_basic, nicolae_hepliaklqana_monster_ancestors,
          due_unseen_surprise
D:5:      layout_basic, lemuel_doored_altar, overflow_temple_1_default,
          amethyst_overflow_temple_binary, minmay_manual_mess, uniq_ijyb,
          uniq_edmund, uniq_sigmund, uniq_menkaure
D:6:      layout_layer_cave, minmay_temple_entry_hall

Skill      XL: |  1  2  3  4  5  6  7  8 |
---------------+-------------------------+-----
Stealth        | 2 3 4 |  4.7
Fighting       | 3 4 6 7 |  7.1
Bows           | 4 |  4.4
Conjurations   | 1 |  1.0
Transmutations | 3 5 |  5.2
Evocations     | 1 3 |  3.9
Dodging        | |  1.7

Action                   |  1- 3 |  4- 6 |  7- 9 || total
-------------------------+-------+-------+-------++-------
Melee: Short sword       |       |    11 |       ||    11
       Whip              |       |   114 |   255 ||   369
       Mace              |       |     1 |       ||     1
       Punch             |       |       |     6 ||     6
 Fire: Shortbow          |   113 |    61 |       ||   174
 Cast: Static Discharge  |       |       |     1 ||     1
       Wereblood         |       |       |     2 ||     2
 Abil: Dig               |       |     2 |     1 ||     3
       Shaft Self        |       |       |     1 ||     1
Evoke: Wand              |       |       |    14 ||    14
  Use: Scroll            |     1 |     8 |     2 ||    11
       Potion            |       |       |     2 ||     2
 Stab: Sleeping          |       |     3 |       ||     3
Armor: Leather armour    |    16 |    11 |       ||    27
       Ice dragon scales |       |    46 |   124 ||   170
       Skin              |       |       |    68 ||    68
Dodge: Dodged            |    12 |    92 |   111 ||   215
